[Event "International chess holiday K31"]
[Site "Praha"]
[Date "2013.07.28"]
[Round "2"]
[White "Dobiáš, Daniel"]
[Black "Hansch, Torsten"]
[Result "0-1"]
[ECO "B21"]
[WhiteElo "1800"]
[BlackElo "2116"]
[Annotator "Koller,Martin"]
[PlyCount "86"]
[TimeControl "240+2"]

1. e4 c5 2. f4 d5 3. e5 Nc6 4. Nf3 Bg4 5. Nc3 e6 6. Bb5 Nh6 7. h3 Bxf3
8. Qxf3 Nf5 9. Bxc6+ bxc6 10. Ne2 Be7 11. b3 O-O 12. Bb2 f6 13. g4 Nh4 14. Qf2
fxe5 15. Bxe5 Ng6 16. Qe3 Bh4+ 17. Kd1 Nxe5 18. Qxe5 Bf6 19. Qxe6+ Kh8 20. c3
d4 21. g5 dxc3 22. Qe3 Re8 23. Qxe8+ Qxe8 24. gxf6 c2+ 25. Kxc2 Qxe2 26. Rae1
Qh5 27. fxg7+ Kg8 28. Re5 Qg6+ 29. Kc1 Rd8 30. Rhe1 Qd3 31. Re8+ Rxe8 32. Rxe8+
Kxg7 33. Re7+ Kf6 34. Rxa7 Qxh3 35. Rc7 Qh1+ 36. Kb2 h5 37. a4 Qd5 38. Kc1 h4
39. a5 h3 40. Rh7 Qxb3 41. a6 Qa3+ 42. Kc2 Qa2+ 43. Kd1 Qxa6 0-1

[Event "International chess holiday K31"]
[Site "Praha"]
[Date "2013.07.28"]
[Round "2"]
[White "Ramien, David"]
[Black "Hánl, František"]
[Result "0-1"]
[ECO "B19"]
[WhiteElo "1726"]
[BlackElo "1953"]
[Annotator "Koller,Martin"]
[PlyCount "94"]
[TimeControl "240+2"]

1. e4 c6 2. d4 d5 3. Nd2 dxe4 4. Nxe4 Bf5 5. Ng3 Bg6 6. Nf3 Nd7 7. h4
h6 8. h5 Bh7 9. Bd3 Bxd3 10. Qxd3 Qc7 11. Bd2 O-O-O 12. Qe2 e6 13. O-O-O Ngf6
14. Ne5 Nb6 15. c3 Bd6 16. f4 c5 17. dxc5 Bxc5 18. Ne4 Nxe4 19. Qxe4 Nd5 20.
Rhe1 Rhe8 21. Kb1 Rd6 22. Nc4 Ra6 23. Bc1 Rd8 24. f5 b5 25. fxe6 Rxe6 26. Qf5
bxc4 27. Rxe6 fxe6 28. Qxe6+ Qd7 29. Qa6+ Kb8 30. Bf4+ Ka8 31. Ka1 Re8 32. Bg3
Rf8 33. Qxc4 Ne3 34. Rxd7 Nxc4 35. a3 Rf1+ 36. Ka2 Bf8 37. Rd8+ Kb7 38. Rb8+
Ka6 39. Rc8 Nb6 40. Rc6 Rg1 41. c4 Rxg2 42. Be5 Rg5 43. Bd4 Rg4 44. Bxb6 axb6
45. b4 Kb7 46. b5 Rg2+ 47. Kb1 Bxa3 0-1

[Event "International chess holiday K31"]
[Site "Praha"]
[Date "2013.07.28"]
[Round "2"]
[White "Arsenij, Anaškin"]
[Black "Novák, Jindøich"]
[Result "1-0"]
[ECO "C41"]
[WhiteElo "1820"]
[BlackElo "2042"]
[Annotator "Koller,Martin"]
[PlyCount "83"]
[TimeControl "240+2"]

1. e4 d6 2. d4 e5 3. Nf3 Nf6 4. dxe5 Nxe4 5. Bc4 c6 6. exd6 Bxd6 7. Qd4
Bb4+ 8. c3 Qxd4 9. Nxd4 Bc5 10. O-O O-O 11. Re1 Nd6 12. Bb3 Bxd4 13. cxd4 Nf5
14. d5 Nd4 15. Nc3 Bd7 16. Re7 Re8 17. Rxe8+ Bxe8 18. Bc4 b5 19. Bd3 b4 20. Ne2
Nxe2+ 21. Bxe2 cxd5 22. Bf3 Bc6 23. Bd2 d4 24. Rc1 a5 25. Bxc6 Nxc6 26. Rxc6 f6
27. Kf1 Re8 28. Rc5 Re5 29. Rxe5 fxe5 30. f3 Kf7 31. Ke2 Ke6 32. Kd3 Kd5 33.
Bg5 h6 34. Bd8 a4 35. b3 axb3 36. axb3 Kd6 37. Ke4 h5 38. Ba5 Kc5 39. Bc7 d3
40. Kxd3 Kd5 41. g3 g5 42. h3 1-0

[Event "International chess holiday K31"]
[Site "Praha"]
[Date "2013.07.28"]
[Round "2"]
[White "Michálek, František"]
[Black "Steve , Michel"]
[Result "1-0"]
[ECO "C01"]
[WhiteElo "2063"]
[BlackElo "1988"]
[Annotator "Koller,Martin"]
[PlyCount "43"]
[TimeControl "240+2"]

1. e4 e6 2. d4 d5 3. exd5 exd5 4. Bd3 Nc6 5. c3 Bd6 6. Qf3 Nf6 7. Bg5
Be7 8. h3 Nb8 9. Ne2 c6 10. Nd2 b6 11. O-O O-O 12. Ng3 g6 13. Rfe1 Be6 14. Ne2
Nh5 15. Bxe7 Qxe7 16. Nf4 Nxf4 17. Qxf4 Nd7 18. Nf3 Rfe8 19. Re3 Nf8 20. Rae1
Kg7 21. Ne5 Qd6 22. Nxg6 1-0

[Event "International chess holiday K31"]
[Site "Praha"]
[Date "2013.07.28"]
[Round "2"]
[White "Pokorný, Jan"]
[Black "Taylor, Robert"]
[Result "1/2-1/2"]
[ECO "D05"]
[WhiteElo "1893"]
[BlackElo "1958"]
[Annotator "Koller,Martin"]
[PlyCount "29"]
[TimeControl "240+2"]

1. Nf3 Nf6 2. b3 c5 3. Bb2 Nc6 4. e3 d5 5. d4 e6 6. Bd3 Be7 7. O-O Ne4
8. dxc5 Bf6 9. Bxf6 Qxf6 10. Na3 Nxc5 11. Bb5 O-O 12. Bxc6 bxc6 13. Qd4 Qe7 14.
b4 Nd7 15. c3 1/2-1/2

[Event "International chess holiday K31"]
[Site "Praha"]
[Date "2013.07.29"]
[Round "3"]
[White "Hánl, František"]
[Black "Pokorný, Jan"]
[Result "1/2-1/2"]
[ECO "B09"]
[WhiteElo "1953"]
[BlackElo "1893"]
[Annotator "Koller,Martin"]
[PlyCount "54"]
[TimeControl "240+2"]

1. e4 d6 2. d4 Nf6 3. Nc3 g6 4. f4 Bg7 5. Nf3 c6 6. Bd3 O-O 7. O-O Bg4
8. e5 dxe5 9. dxe5 Nd5 10. Nxd5 Qxd5 11. h3
Bxf3 12. Qxf3 Qxf3 13. Rxf3 Nd7 14. Be3 Nb6 15. Rd1 Rfd8 16. Rff1 e6 17. Be4
Bf8 18. b3 Nd5 19. Bd4 Bb4 20. Rd3 b5 21. Kh2 Ba5 22. a3 Bb6 23. Bxb6 axb6 24.
c4 bxc4 25. bxc4 Ne7 26. Rfd1 Rxd3 27. Rxd3 Ra4 1/2-1/2

[Event "International chess holiday K31"]
[Site "Praha"]
[Date "2013.07.29"]
[Round "3"]
[White "Steve, Michel"]
[Black "Raimen, David"]
[Result "1-0"]
[ECO "E98"]
[WhiteElo "1988"]
[BlackElo "1726"]
[Annotator "Koller,Martin"]
[PlyCount "57"]
[TimeControl "240+2"]

1. d4 Nf6 2. c4 g6 3. Nc3 Bg7 4. e4 d6 5. Nf3 O-O 6. Be2 e5 7. O-O Nc6
8. d5 Ne7 9. Ne1 Ne8 10. Nd3 f5 11. f4 exf4 12. Bxf4 Bxc3 13. bxc3 fxe4 14. Nc1
c6 15. Nb3 Bf5 16. g4 Bc8 17. h3 a6 18. a4 cxd5 19. cxd5 b6 20. c4 Rf7 21. Nd4
Nc7 22. Rb1 b5 23. axb5 axb5 24. Nxb5 Nxb5 25. Rxb5 Ba6 26. Rb1 Qd7 27. Qd4 Qa7
28. Qxa7 Rxa7 29. Bxd6 1-0

[Event "International chess holiday K31"]
[Site "Praha"]
[Date "2013.07.29"]
[Round "3"]
[White "Novák, Jindøich"]
[Black "Michálek, František"]
[Result "1/2-1/2"]
[ECO "D02"]
[WhiteElo "2042"]
[BlackElo "2063"]
[Annotator "Koller,Martin"]
[PlyCount "157"]
[TimeControl "240+2"]

1. d4 d5 2. Nf3 Nf6 3. Bf4 c6 4. c3 Bf5 5. Qb3 Qb6 6. Nbd2 e6 7. e3
Nbd7 8. Be2 Be7 9. h3 h6 10. g4 Bh7 11. Ne5 Ne4 12. Nxd7 Kxd7 13. Nf3 f6 14. c4
Qxb3 15. axb3 Bb4+ 16. Kf1 Nd2+ 17. Nxd2 Bxd2 18. Rd1 Bb4 19. Bd3 Bxd3+ 20.
Rxd3 Bd6 21. Kg2 h5 22. g5 Bxf4 23. exf4 f5 24. Ra1 g6 25. Re3 Rhe8 26. Kf3 a6
27. Rc3 Kd6 28. Ke2 Re7 29. Kd3 Ree8 30. Ra5 Re7 31. Rc1 Ree8 32. Re1 Rac8 33.
cxd5 cxd5 34. b4 Rc6 35. b5 Rb6 36. bxa6 bxa6 37. b4 Reb8 38. Rea1 Rxb4 39.
Rxa6+ R8b6 40. Rxb6+ Rxb6 41. Ra7 Rb3+ 42. Ke2 Rxh3 43. Rg7 Rh4 44. Ke3 Rh1 45.
Rxg6 Re1+ 46. Kf3 Re4 47. Rg7 Rxd4 48. Rh7 Ra4 49. Rxh5 Ra3+ 50. Kg2 Ra7 51.
Rh8 Re7 52. Kf3 Ra7 53. Rg8 Ra3+ 54. Kg2 Ke7 55. Rg7+ Kf8 56. Rb7 Ra4 57. Kg3
Ra1 58. Rb3 Kf7 59. Kh4 Kg6 60. Rb7 Rg1 61. f3 Re1 62. Kg3 Ra1 63. Re7 Ra6 64.
Kf2 d4 65. Ke2 Rd6 66. Kd3 Kh5 67. Ra7 Kg6 68. Ra4 Kf7 69. Rxd4 Ra6 70. Rd7+
Kg6 71. Kd4 Ra5 72. Re7 Rd5+ 73. Kc4 Rd6 74. Kb5 Rd4 75. Rxe6+ Kg7 76. Kc5 Rxf4
77. Kd5 Rxf3 78. Ke5 Re3+ 79. Kxf5 1/2-1/2

[Event "International chess holiday K31"]
[Site "Praha"]
[Date "2013.07.29"]
[Round "3"]
[White "Hansch, Torsten"]
[Black "Anaškin, Arsenij"]
[Result "0-1"]
[ECO "E69"]
[WhiteElo "2112"]
[BlackElo "1820"]
[Annotator "Koller,Martin"]
[PlyCount "56"]
[TimeControl "240+2"]

1. d4 Nf6 2. c4 g6 3. Nc3 Bg7 4. g3 O-O 5. Bg2 d6 6. Nf3 c6 7. O-O Nbd7
8. e4 e5 9. h3 h6 10. Be3 Re8 11. Qc2 Qc7 12. Rfe1 Nf8 13. Rad1 b6 14. c5 dxc5
15. dxc5 Ne6 16. cxb6 axb6 17. b4 Bb7 18. Bf1 Bf8 19. Qb1 c5 20. bxc5 bxc5 21.
Bc4 Nd4 22. Nh4 g5 23. Nf5 Red8 24. Qc1 Nxf5 25. Bxg5 Rxd1 26. Qxd1 hxg5 27.
Qf3 Nd4 28. Qxf6 Bg7 0-1

[Event "International chess holiday K31"]
[Site "Praha"]
[Date "2013.07.29"]
[Round "3"]
[White "Taylor, Robert Graham"]
[Black "Dobiáš, Daniel"]
[Result "1-0"]
[ECO "C49"]
[WhiteElo "1958"]
[BlackElo "1800"]
[Annotator "Koller,Martin"]
[PlyCount "69"]
[TimeControl "240+2"]

1. e4 e5 2. Nc3 Nc6 3. Nf3 Nf6 4. Bb5 Bb4 5. O-O O-O 6. d3 d6 7. Bg5
Bxc3 8. bxc3 Bg4 9. h3 Bh5 10. g4 Bg6 11. Nh2 h6 12. Bh4 Qe7 13. Qf3 Qe6 14.
Bc4 Qe7 15. a3 Nb8 16. Qg2 Nbd7 17. f4 exf4 18. Rxf4 Qe5 19. Qd2 Qc5+ 20. Bf2
Qc6 21. Ba2 d5 22. exd5 Nxd5 23. Rc4 Qf6 24. Rf1 Rfe8 25. Rd4 N5b6 26. Bg3 Qe7
27. a4 Qc5 28. Qf2 Nf6 29. Nf3 Kh7 30. g5 Nh5 31. Bh4 Qf5 32. gxh6 Kg8 33. Rg4
Nf4 34. Rxf4 Qxf4 35. Qg2 1-0

[Event "International chess holiday K31"]
[Site "Praha"]
[Date "2013.07.30"]
[Round "4"]
[White "Dobiáš, Daniel"]
[Black "Hánl, František"]
[Result "1/2-1/2"]
[ECO "A49"]
[WhiteElo "1800"]
[BlackElo "1953"]
[Annotator "Koller,Martin"]
[PlyCount "40"]
[TimeControl "240+2"]

1. Nf3 Nf6 2. c4 g6 3. b3 Bg7 4. Bb2 O-O 5. g3 d6 6. Bg2 Nc6 7. O-O e5
8. d4 Nd7 9. dxe5 Ndxe5 10. Nc3 Nxf3+ 11. Bxf3 Bh3 12. Bg2 Bxg2 13. Kxg2 f5 14.
e3 Qd7 15. Qd2 Rae8 16. Nd5 Ne5 17. Rae1 g5 18. f4 gxf4 19. exf4 Ng4 20. h3
Rxe1 1/2-1/2

[Event "International chess holiday K31"]
[Site "Praha"]
[Date "2013.07.30"]
[Round "4"]
[White "Novák, Jindøich"]
[Black "Hansch, Torsten"]
[Result "0-1"]
[ECO "D02"]
[WhiteElo "2042"]
[BlackElo "2116"]
[Annotator "Koller,Martin"]
[PlyCount "87"]
[TimeControl "240+2"]

1. d4 d5 2. Nf3 Nf6 3. Bf4 e6 4. Nbd2 Bd6 5. g3 O-O 6. c4 c5 7. Bxd6
Qxd6 8. dxc5 Qxc5 9. Rc1 Nc6 10. cxd5 Qxd5 11. Bg2 Qxa2 12. O-O Qxb2 13. Nc4
Qb4 14. Nce5 Nxe5 15. Nxe5 Qe7 16. Qb3 Rd8 17. Rfd1 Nd5 18. e4 Nb6 19. Rxd8+
Qxd8 20. Rd1 Qe7 21. Qd3 g6 22. Qd4 f6 23. Ng4 e5 24. Nh6+ Kg7 25. Qd2 Be6 26.
h4 Nc4 27. Qc1 Rd8 28. Rd5 Rc8 29. h5 Bxd5 30. exd5 Qa3 31. Qxa3 Nxa3 32. Ng4
Nc4 33. h6+ Kf7 34. f4 exf4 35. gxf4 a5 36. Nf2 Ne3 37. Bh3 Rc1+ 38. Kh2 Nxd5
39. Ne4 Nxf4 40. Bd7 Ke7 41. Bb5 a4 42. Kg3 Nh5+ 43. Kf2 a3 44. Bd3 0-1

[Event "International chess holiday K31"]
[Site "Praha"]
[Date "2013.07.30"]
[Round "4"]
[White "Anaškin, Arsenij"]
[Black "Taylor, Robert"]
[Result "0-1"]
[ECO "B43"]
[WhiteElo "1820"]
[BlackElo "1930"]
[Annotator "Koller,Martin"]
[PlyCount "60"]
[TimeControl "240+2"]

1. e4 c5 2. Nf3 e6 3. d4 cxd4 4. Nxd4 Nc6 5. Nc3 Qc7 6. Be2 a6 7. O-O
b5 8. Bf3 Bb7 9. Be3 Rc8 10. a3 d6 11. g3 Nf6 12. Bg2 Be7 13. f4 O-O 14. Qe2
Na5 15. Rad1 Nc4 16. Bc1 Nxa3 17. e5 Bxg2 18. Kxg2 Ne8 19. bxa3 Qxc3 20. Rd3
Qc4 21. Rf2 dxe5 22. fxe5 Bc5 23. Bb2 Nc7 24. Rf4 Nd5 25. Rh4 Bxd4 26. Bxd4
Qxc2 27. Rd2 Qg6 28. Bb2 Rc4 29. Rdd4 Rc2 30. Rd2 Rfc8 0-1

[Event "International chess holiday K31"]
[Site "Praha"]
[Date "2013.07.30"]
[Round "4"]
[White "Pokorný, Jan"]
[Black "Michel, Steve"]
[Result "1/2-1/2"]
[ECO "A05"]
[WhiteElo "1893"]
[BlackElo "1988"]
[Annotator "Koller,Martin"]
[PlyCount "88"]
[TimeControl "240+2"]

1. Nf3 Nf6 2. c4 g6 3. b3 Bg7 4. Bb2 c5 5. g3 O-O 6.
Bg2 d5 7. cxd5 Nxd5 8. Bxg7 Kxg7 9. O-O Nc6 10. Qc2 Qd6 11. Nc3 Nxc3 12. Qxc3+
f6 13. Rfc1 Nd4 14. Nxd4 cxd4 15. Qc7 Qb4 16. d3 Bg4 17. Bxb7 Rab8 18. Bg2 Rbc8
19. Rc4 Qxc4 20. Qxc4 Rxc4 21. dxc4 Bxe2 22. f3 e5 23. Kf2 Bd3 24. Rd1 Bc2 25.
Rd2 Bf5 26. g4 Be6 27. h3 h5 28. gxh5 g5 29. Bf1 a5 30. Kg3 Rh8 31. a3 Rb8 32.
Rb2 f5 33. b4 e4 34. f4 Kf6 35. fxg5+ Kxg5 36. h4+ Kxh5 37. Kf4 axb4 38. axb4
Rg8 39. Ke5 Bc8 40. Kxd4 Rg1 41. Bg2 Bb7 42. Ke5 Kg4 43. h5 Rc1 44. c5 Rd1
1/2-1/2

[Event "International chess holiday K31"]
[Site "Praha"]
[Date "2013.07.30"]
[Round "4"]
[White "Michálek , František"]
[Black "Ramien, David"]
[Result "1/2-1/2"]
[ECO "C76"]
[WhiteElo "2063"]
[BlackElo "1726"]
[Annotator "Koller,Martin"]
[PlyCount "101"]
[TimeControl "240+2"]

1. e4 e5 2. Nf3 Nc6 3. Bb5 g6 4. c3 a6 5. Ba4 d6 6. d4 Bd7 7. dxe5 dxe5
8. Bg5 Be7 9. Qc1 Nf6 10. Nbd2 Nh5 11. Nf1 Bxg5 12. Qxg5 Qxg5 13. Nxg5 Nf4 14.
Ne3 f6 15. Nf3 O-O-O 16. O-O-O Rhf8 17. Rd2 Nb8 18. Bc2 Bc6 19. Rhd1 Rxd2 20.
Rxd2 Rd8 21. g3 Rxd2 22. Nxd2 Ne6 23. b4 b5 24. h4 Bb7 25. Ng4 Nd7 26. Bb3 Nd8
27. Ne3 Nb6 28. Bg8 h5 29. Bh7 g5 30. Bg6 c5 31. a3 Nc6 32. Bxh5 a5 33. Bg4+
Kd8 34. bxc5 Na4 35. h5 Ke8 36. h6 Kf8 37. Be6 Nxc5 38. Bd5 Nd8 39. Kc2 Nf7 40.
h7 Bxd5 41. Nxd5 Nd7 42. Nc7 Kg7 43. Nxb5 Kxh7 44. Kb3 Nd8 45. Kc4 Kg7 46. Nb3
a4 47. Na5 Ne6 48. Kd5 Nec5 49. c4 Kf8 50. Nc3 Ke8 51. g4 1/2-1/2

[Event "International chess holiday K31"]
[Site "Praha"]
[Date "2013.07.30"]
[Round "5"]
[White "Michel, Steve"]
[Black "Dobiáš, Daniel"]
[Result "1/2-1/2"]
[ECO "D15"]
[WhiteElo "1988"]
[BlackElo "1800"]
[Annotator "Koller,Martin"]
[PlyCount "63"]
[TimeControl "240+2"]

1. d4 d5 2. c4 c6 3. Nf3 Nf6 4. Qb3 Qb6 5. Nc3 Qxb3 6. axb3 Bf5 7. Bf4
e6 8. Bxb8 Rxb8 9. Rxa7 Bb4 10. Nd2 O-O 11. f3 b6 12. g4 Bg6 13. Bg2 Ra8 14.
Rxa8 Rxa8 15. Kf2 Bxc3 16. bxc3 Ra2 17. Rd1 Rc2 18. Ra1 Kf8 19. Ke1 Rxc3 20.
Ra6 Nd7 21. Ra7 Ke7 22. f4 Bc2 23. Kf2 Bxb3 24. Ra3 dxc4 25. Bxc6 Rc2 26. Nxb3
cxb3 27. Bxd7 b2 28. Rb3 Kxd7 29. Rxb6 Kc7 30. Rb4 Kc6 31. Ke3 Rc3+ 32. Kf2
1/2-1/2

[Event "International chess holiday K31"]
[Site "Praha"]
[Date "2013.07.30"]
[Round "5"]
[White "Hansch, Torsten"]
[Black "Michálek, František"]
[Result "1-0"]
[ECO "E01"]
[WhiteElo "2116"]
[BlackElo "2063"]
[Annotator "Koller,Martin"]
[PlyCount "41"]
[TimeControl "240+2"]

1. d4 Nf6 2. c4 e6 3. g3 d5 4. Bg2 c6 5. Nf3 Nbd7 6. Qc2 Bd6 7. O-O O-O
8. Nbd2 Re8 9. e4 dxe4 10. Nxe4 Nxe4 11. Qxe4 Nf6 12. Qe2 h6 13. Rd1 Bd7 14.
Ne5 Be7 15. Bf4 Rc8 16. Rac1 Qa5 17. a3 Rcd8 18. h4 Qa6 19. g4 Nd5 20. Bxh6 f6
21. Nxd7 1-0

[Event "International chess holiday K31"]
[Site "Praha"]
[Date "2013.07.30"]
[Round "5"]
[White "Hánl, František"]
[Black "Anaškin, Arsenij"]
[Result "1/2-1/2"]
[ECO "C50"]
[WhiteElo "1937"]
[BlackElo "1820"]
[Annotator "Koller,Martin"]
[PlyCount "100"]
[TimeControl "240+2"]

1. e4 e5 2. Nc3 Nc6 3. Bc4 Nf6 4. d3 Bc5 5. Nf3 d6 6. Bg5 h6 7. Be3 Bb6
8. Bxb6 axb6 9. h3 Na5 10. Bb5+ c6 11. Ba4 b5 12. Bb3 Nxb3 13. axb3 Rxa1 14.
Qxa1 Nh5 15. Ne2 O-O 16. g4 Nf6 17. Qc1 Nh7 18. Rg1 Qf6 19. Qe3 Ng5 20. Nxg5
hxg5 21. Ng3 Qf4 22. Ke2 Be6 23. Nf5 Bxf5 24. gxf5 Qxe3+ 25. Kxe3 f6 26. Ra1
Kf7 27. Ra7 Rb8 28. b4 g6 29. fxg6+ Kxg6 30. f3 f5 31. Kf2 f4 32. b3 d5 33.
exd5 cxd5 34. c4 bxc4 35. bxc4 dxc4 36. dxc4 b6 37. Rc7 Kf5 38. b5 Ra8 39. Rf7+
Ke6 40. Rb7 Ra2+ 41. Kf1 e4 42. fxe4 Ke5 43. Rxb6 Kxe4 44. Ra6 Rb2 45. b6 f3
46. Ra5 Rb1+ 47. Kf2 Rb2+ 48. Kf1 Rxb6 49. Rxg5 Rb1+ 50. Kf2 Rb2+ 1/2-1/2

[Event "International chess holiday K31"]
[Site "Praha"]
[Date "2013.07.30"]
[Round "5"]
[White "Ramien, David"]
[Black "Pokorný , Jan"]
[Result "0-1"]
[ECO "B08"]
[WhiteElo "1743"]
[BlackElo "1893"]
[Annotator "Koller,Martin"]
[PlyCount "102"]
[TimeControl "240+2"]

1. e4 d6 2. d4 Nf6 3. Nc3 g6 4. Nf3 Bg7 5. h3 a6 6. Be3 b5 7. Bd3 Bb7
8. Nd2 Nbd7 9. f4 c5 10. Qf3 c4 11. Bf1 e6 12. g4 Rc8 13. Bg2 b4 14. Ne2 c3 15.
bxc3 bxc3 16. Nb1 Bxe4 17. Qg3 Bxg2 18. Qxg2 Nd5 19. Bc1 Qb6 20. Qf2 O-O 21. h4
Rc4 22. Ba3 Qb2 23. O-O Qxc2 24. Bxd6 Rfc8 25. Na3 Qd3 26. Nxc4 Rxc4 27. Be5 f6
28. Bd6 Qh3 29. Qf3 Qxh4 30. Rf2 h5 31. gxh5 Qxh5 32. Qxh5 gxh5 33. Rf3 f5 34.
Be5 Nxe5 35. fxe5 c2 36. a3 Bh6 37. Rff1 Be3+ 38. Kh2 f4 39. Rae1 Kh7 40. Kg2
Bd2 41. Kf3 Bxe1 42. Rxe1 Kh6 43. Ke4 Rc7 44. Kd3 f3 45. Nc1 Rc3+ 46. Kd2 Rxa3
47. Kxc2 f2 48. Rh1 Ne3+ 49. Kb2 Ra4 50. Kb3 Rxd4 51. Ne2 Rd3+ 0-1

[Event "International chess holiday K31"]
[Site "Praha"]
[Date "2013.07.31"]
[Round "6"]
[White "Dobiáš, Daniel"]
[Black "Ramien, David"]
[Result "1/2-1/2"]
[ECO "C45"]
[WhiteElo "1800"]
[BlackElo "1726"]
[Annotator "Koller,Martin"]
[PlyCount "73"]
[TimeControl "240+2"]

1. e4 e5 2. Nf3 Nc6 3. d4 exd4 4. Nxd4 Bb4+ 5. c3 Bc5 6. Be3 Bb6 7. Bc4
Nf6 8. Nxc6 bxc6 9. e5 Bxe3 10. fxe3 Ne4 11. Bxf7+ Kxf7 12. Qf3+ Nf6 13. O-O
Rf8 14. exf6 gxf6 15. Qh5+ Kg8 16. Rf3 Qe7 17. Nd2 Qf7 18. Qh6 d5 19. Raf1 Qe7
20. Rxf6 Rxf6 21. Rxf6 Bd7 22. Qg5+ Qg7 23. Qxg7+ Kxg7 24. Rf4 Rb8 25. b3 c5
26. Kf1 a5 27. h4 a4 28. g3 h5 29. b4 d4 30. exd4 cxd4 31. cxd4 Rxb4 32. a3 Rb2
33. Ke1 Ra2 34. Rf3 Ra1+ 35. Kf2 Ra2 36. Ke1 Ra1+ 37. Kf2 1/2-1/2

[Event "International chess holiday K31"]
[Site "Praha"]
[Date "2013.07.31"]
[Round "6"]
[White "Anaškin, Arsenij"]
[Black "Steve, Michel"]
[Result "1-0"]
[ECO "B92"]
[WhiteElo "1820"]
[BlackElo "1988"]
[Annotator "Koller,Martin"]
[PlyCount "47"]
[TimeControl "240+2"]

1. e4 c5 2. Nf3 d6 3. d4 cxd4 4. Nxd4 Nf6 5. Nc3 a6 6. Be2 e5 7. Nb3
Be6 8. Be3 Nbd7 9. O-O Be7 10. f4 exf4 11. Rxf4 O-O 12. Nd4 Rc8 13. Qe1 Ne5 14.
Rd1 Nfd7 15. Qg3 Nb6 16. Nxe6 fxe6 17. Rxf8+ Kxf8 18. Qh3 Kg8 19. Qxe6+ Kh8 20.
Kh1 Qd7 21. Qb3 Nbc4 22. Bd4 Bg5 23. Nd5 b5 24. Bxe5 1-0

[Event "International chess holiday K31"]
[Site "Praha"]
[Date "2013.07.31"]
[Round "6"]
[White "Michálek, František"]
[Black "Pokorný, Jan"]
[Result "1-0"]
[ECO "B08"]
[WhiteElo "2063"]
[BlackElo "1893"]
[Annotator "Koller,Martin"]
[PlyCount "67"]
[TimeControl "240+2"]

1. e4 d6 2. d4 Nf6 3. Nc3 g6 4. Nf3 Bg7 5. Be2 a6 6. a4 c6 7. a5 O-O 8.
O-O Nbd7 9. h3 b5 10. axb6 Nxb6 11. Be3 Nfd7 12. Qd2 Qc7 13. Bh6 c5 14. Bxg7
Kxg7 15. Ra2 Bb7 16. Rfa1 c4 17. Qg5 Nf6 18. d5 Nbd7 19. Nd4 Kh8 20. h4 Rae8
21. Nc6 Bxc6 22. dxc6 Nc5 23. Bxc4 Qxc6 24. Bd5 Nxd5 25. exd5 Qb7 26. Qf4 Kg8
27. b4 Nd7 28. Rxa6 Nf6 29. Qd4 Rc8 30. Ra7 Qb8 31. Rxe7 Rxc3 32. Qxf6 Rxc2 33.
Raa7 Qxb4 34. Rxf7 1-0

[Event "International chess holiday K31"]
[Site "Praha"]
[Date "2013.07.31"]
[Round "6"]
[White "Novák, Jindøich"]
[Black "Hánl, František"]
[Result "1-0"]
[ECO "A20"]
[WhiteElo "2042"]
[BlackElo "1953"]
[Annotator "Koller,Martin"]
[PlyCount "39"]
[TimeControl "240+2"]

1. c4 e5 2. f4 e4 3. d4 Bb4+ 4. Kf2 f5 5. e3 Nf6 6. Be2 h5 7. h4 c6 8.
Nh3 Ng4+ 9. Kg3 d5 10. cxd5 cxd5 11. Qa4+ Nc6 12. Bb5 Qb6 13. Qxb4 Bd7 14. Qc5
Qxb5 15. Qxb5 Nxd4 16. Qxd7+ Kxd7 17. exd4 Rac8 18. Nc3 Rc4 19. Rd1 Rhc8 20.
Nxd5 1-0

[Event "International chess holiday K31"]
[Site "Praha"]
[Date "2013.07.31"]
[Round "6"]
[White "Hansch, Thorsten"]
[Black "Taylor, Robert"]
[Result "1-0"]
[ECO "D95"]
[WhiteElo "2116"]
[BlackElo "1958"]
[Annotator "Koller,Martin"]
[PlyCount "51"]
[TimeControl "240+2"]

1. d4 Nf6 2. c4 g6 3. Nc3 d5 4. e3 Bg7 5. Nf3 O-O 6. Qb3 c6 7. Bd2 b6
8. Ne5 Bb7 9. Be2 Nbd7 10. f4 e6 11. O-O c5 12. cxd5 cxd4 13. exd4 Nxd5 14.
Rac1 N7f6 15. Qa4 Nxc3 16. bxc3 Qd6 17. Bf3 Bxf3 18. Rxf3 Rfc8 19. Rd3 Rc7 20.
c4 Rac8 21. Bb4 Qd8 22. Rcd1 Nd7 23. Bd6 Nxe5 24. dxe5 Rxc4 25. Bb4 Qf8 26.
Bxf8 neèitelné 1-0

[Event "International chess holiday K31"]
[Site "Praha"]
[Date "2013.08.01"]
[Round "7"]
[White "Taylor, Robert"]
[Black "Michálek, František"]
[Result "0-1"]
[ECO "A30"]
[WhiteElo "1958"]
[BlackElo "2063"]
[Annotator "Koller,Martin"]
[PlyCount "52"]
[TimeControl "240+2"]

1. Nf3 Nf6 2. c4 g6 3. b3 Bg7 4. Bb2 O-O 5. g3 b6 6. Bg2 Bb7 7. O-O c5
8. d4 cxd4 9. Bxd4 Nc6 10. Bb2 d5 11. cxd5 Nxd5 12. Bxg7 Kxg7 13. Qc1 e6 14. e4
Ndb4 15. a3 Qf6 16. Qc3 Qxc3 17. Nxc3 Nc2 18. Ra2 N2d4 19. Nxd4 Nxd4 20. b4
Rac8 21. Ne2 Nxe2+ 22. Rxe2 Ba6 23. Re3 Bxf1 24. Bxf1 Rc1 25. Kg2 Rfc8 26. a4
Rb1 0-1

[Event "International chess holiday K31"]
[Site "Praha"]
[Date "2013.08.01"]
[Round "7"]
[White "Pokorný , Jan"]
[Black "Dobiáš, Daniel"]
[Result "1-0"]
[ECO "A11"]
[WhiteElo "1893"]
[BlackElo "1800"]
[Annotator "Koller,Martin"]
[PlyCount "63"]
[TimeControl "240+2"]

1. Nf3 Nf6 2. b3 g6 3. c4 Bg7 4. Bb2 O-O 5. g3 c6 6. Bg2 d5 7. cxd5
cxd5 8. O-O Nc6 9. Ne5 Nxe5 10. Bxe5 e6 11. d4 Bd7 12. Nd2 Rc8 13. e4 Bc6 14.
Bxf6 Bxf6 15. e5 Be7 16. Qg4 Qb6 17. Rfd1 Bb5 18. Bf1 Rc2 19. Bxb5 Qxb5 20. h4
h5 21. Qf3 Rfc8 22. Nf1 Qa5 23. a4 R2c3 24. Qf4 Rxb3 25. Ne3 Rb4 26. g4 hxg4
27. Nxg4 Rf8 28. Qh6 Qd8 29. Ra3 f6 30. Qxg6+ Kh8 31. Qh6+ Kg8 32. Rg3 1-0

[Event "International chess holiday K31"]
[Site "Praha"]
[Date "2013.08.01"]
[Round "7"]
[White "Ramien, David"]
[Black "Anaškin, Arsenij"]
[Result "0-1"]
[ECO "C77"]
[WhiteElo "1743"]
[BlackElo "1820"]
[Annotator "Koller,Martin"]
[PlyCount "130"]
[TimeControl "240+2"]

1. e4 e5 2. Nf3 Nc6 3. Bb5 a6 4. Ba4 Nf6 5. d3 b5 6. Bb3 Be7 7. c3 d6
8. Nbd2 Na5 9. Bc2 c5 10. Nf1 Bf8 11. Ng3 g6 12. O-O Bg7 13. h3 O-O 14. d4 cxd4
15. cxd4 Qc7 16. b3 Bb7 17. Bb2 Rac8 18. Bd3 Rfe8 19. Re1 Nc6 20. Rc1 Qb6 21.
dxe5 dxe5 22. Qe2 Rcd8 23. Rcd1 Nd4 24. Qe3 Nd7 25. Bb1 Nf8 26. Kh1 Nfe6 27.
Ne2 Qc5 28. Ng3 Rd7 29. Ng5 Nxg5 30. Qxg5 Ne6 31. Qe3 Qxe3 32. fxe3 Red8 33.
Bc2 Nc5 34. Rxd7 Rxd7 35. Re2 b4 36. Kg1 a5 37. Nf1 Nxe4 38. Bxe4 Bxe4 39. Nd2
Bd3 40. Re1 Rc7 41. Rc1 Rxc1+ 42. Bxc1 e4 43. Kf2 Bc3 44. Nc4 Bxc4 45. bxc4 Kf8
46. Kg3 f5 47. Kf4 a4 48. g4 fxg4 49. hxg4 b3 50. axb3 axb3 51. Kxe4 b2 52.
Bxb2 Bxb2 53. Kd5 Bf6 54. e4 Bd8 55. c5 Ke7 56. e5 Ba5 57. Ke4 Ke6 58. Kd4 Bc7
59. Ke4 Bxe5 60. Kf3 Kd5 61. c6 Kxc6 62. Ke4 Kd6 63. Kf3 Kd5 64. Kg2 Ke4 65.
Kh3 g5 0-1

[Event "International chess holiday K31"]
[Site "Praha"]
[Date "2013.08.01"]
[Round "7"]
[White "Hánl, František"]
[Black "Hansch, Torsten"]
[Result "1-0"]
[ECO "B99"]
[WhiteElo "1953"]
[BlackElo "2116"]
[Annotator "Koller,Martin"]
[PlyCount "46"]
[TimeControl "240+2"]

1. e4 c5 2. Nf3 d6 3. d4 cxd4 4. Nxd4 Nf6 5. Nc3 a6 6. Bg5 e6 7. f4 Be7
8. Qf3 Qc7 9. O-O-O Nbd7 10. Qg3 h6 11. Bxf6 Bxf6 12. f5 Ne5 13. fxe6 fxe6 14.
Nf3 O-O 15. Be2 b5 16. Rhf1 Bd7 17. a3 Qc5 18. Qf2 Qxf2 19. Rxf2 Ng4 20. Rff1
Ne3 21. Rxd6 Nxf1 22. Bxf1 Be8 23. e5 Bd8 1-0